[Event "2nd Serbia Open Masters 2022"]
[Site "Novi Sad"]
[Date "2022.07.01"]
[Round "4.37"]
[White "Nitish Belurkar"]
[Black "Karacsonyi, Gellert"]
[Result "1/2-1/2"]
[ECO "C02"]
[WhiteElo "2452"]
[BlackElo "2338"]
[Annotator "TA"]
[PlyCount "111"]
[EventDate "2022.06.28"]
[EventType "swiss"]
[EventCountry "SRB"]
[SourceTitle "playchess.com"]
[Source "ChessBase"]
[SourceQuality "1"]
[TimeControl "40/5400+30:900+30"]

1. e4 e6 2. d4 d5 3. e5 c5 4. c3 Nc6 5. Nf3 Bd7 6. Bd3 cxd4 {[%emt 0:02:51] C02: French: Advance Variation.} 7. O-O {[%emt 0:02:40] Nowadays more popular than 7.cxd4.} Qb6 8. Re1 Nge7 {[%emt 0:06:20] Black has an edge.} 9. h4 h6 10. h5 (10. b3 $11) 10... a6 11. Nbd2 {[%emt 0:08:50] [#]} Nf5 $146 (11... dxc3 $17 12. bxc3 Nc8) ({Predecessor:} 11... dxc3 12. bxc3 Nc8 13. Nb3 Qc7 14. a4 Nb6 15. Be3 Nc4 16. Bxc4 dxc4 17. Nc5 Rd8 {1-0 (31) Adhiban,B (2633)-Budisavljevic,L (2509) Ciutadella de Menorca 2022}) 12. g4 (12. Rb1 $11) 12... Ne3 $2 13. fxe3 $16 dxe3 {[%emt 0:00:10] [#]} 14. Kg2 $1 exd2 $17 15. Qxd2 O-O-O 16. Qf4 $2 {[%emt 0:07:04] Against f6} ({White should try} 16. Qe2 $15) 16... f6 $1 $19 17. exf6 e5 $2 (17... gxf6 $19 {Hoping for ...e5.} 18. Qg3 e5) 18. Nxe5 $14 Nxe5 19. Rxe5 Bd6 (19... Qc6 $14) 20. fxg7 $18 Rhg8 21. Qf6 $2 {[%emt 0:05:13] [#]} ({White has to play} 21. Qxh6 $18 Qc7 22. Rf5 $1 (22. Rxd5 Bc6 $14) 22... Bxf5 23. Bxf5+ Kb8 24. Bg5) 21... Qc7 $2 (21... Rgf8 $1 $15 {keeps the upper hand.} 22. gxf8=N (22. gxf8=Q Rxf8 23. Qxf8+ Bxf8 $15) 22... Rxf8 23. Qxf8+ Bxf8) 22. Re1 $1 Bh2 23. Qh4 {[%emt 0:02:05] Against Qg3+} (23. Bxh6 $142 Qg3+ 24. Kh1) 23... Rxg7 24. Bg6 (24. Qxh2 Rxg4+ 25. Kh1 Qxh2+ 26. Kxh2 Rdg8 $17) (24. g5 $1 $18 Be5 25. g6) 24... Bf4 $16 25. Kh3 Rgg8 (25... Rdg8 $16 {was necessary.}) 26. Bxf4 $1 $18 Qxf4 27. Qg3 $36 {[%emt 0:00:23][%mdl 2048] Inhibits Qf3. White is in control.} Rgf8 28. Rad1 Qf2 29. Qxf2 {[%emt 0:01:24] Active counter play!} Rxf2 30. Kg3 (30. Rxd5 $6 Bxg4+ 31. Kg3 Rxd5 $11) 30... Rdf8 {[%emt 0:00:27] ( -> ...R8f3+)} 31. Re3 {[%emt 0:00:24] Prevents R8f3+.} (31. Rxd5 $2 R8f3+ 32. Kh4 Rh2#) 31... Rxb2 32. Rxd5 Rxa2 $2 (32... Rf1 $16 {was called for.}) 33. Re7 $1 Bc6 34. Bf5+ Kb8 35. Rd6 a5 36. Rxh6 a4 {[%emt 0:00:01] [#]} 37. Rxc6 $2 bxc6 {[%emt 0:00:12][%mdl 4096] Endgame KRR-KRB. The position is equal.} 38. h6 a3 {[%emt 0:00:31] And now ...Ra1 would win.} 39. h7 Ra1 {[%emt 0:01:19] White must now prevent ...a2.} 40. Be6 {[%emt 0:00:00] Threatens to win with Rg7.} (40. Rf7 $2 Rh8 41. Be6 Re1 $19) 40... Re1 {[%emt 0:00:00] aiming for ...Rh8.} (40... a2 $2 {[#]} 41. Bxa2 $1 Rh1 42. Rg7 $18) 41. Rg7 {[%emt 0:13:01] Rg8 is the strong threat.} Rxe6 42. Rg8 Ree8 43. h8=Q Rxg8 $11 {[%emt 0:00:04] KQ-KRR} 44. Qd4 Rg6 ({Don't play} 44... a2 45. Qb6+ Kc8 46. Qxc6+ (46. Qa6+ Kd7 $16) 46... Kb8 47. Qb5+ Kc7 48. Qc4+ Kb8 49. Qb5+ (49. Qxa2 Rg5 $16) 49... Kc7 50. Qa5+ Kb8 51. Qb6+ (51. Qxa2 Rg5 $16) 51... Kc8 52. Qa6+ Kb8 53. Qb6+ (53. Qxa2 Rg5 $16) 53... Kc8 54. Qc6+ (54. Qa6+ Kb8 $16) 54... Kb8 55. Qb6+ $16) 45. Qb6+ Kc8 46. Qa6+ Kd7 47. Qa7+ Kc8 48. Qa8+ Kd7 49. Qa7+ Kc8 50. Qa6+ Kd7 51. Qb7+ Kd6 52. Qb4+ Kd7 53. Qb7+ Kd6 54. Qb4+ Kd7 55. Qb7+ Kd6 56. Qb4+ {[%emt 0:00:35] Black defended with fortune.  Weighted Error Value: White=0.46/Black=0.52} 1/2-1/2

[Event "2nd Serbia Open Masters 2022"]
[Site "Novi Sad"]
[Date "2022.07.01"]
[Round "4.38"]
[White "Srbis, Jurica"]
[Black "Hristodoulou, Panagiotis"]
[Result "1/2-1/2"]
[ECO "D37"]
[WhiteElo "2451"]
[BlackElo "2328"]
[Annotator "TA"]
[PlyCount "137"]
[EventDate "2022.06.28"]
[EventType "swiss"]
[EventCountry "SRB"]
[SourceTitle "playchess.com"]
[Source "ChessBase"]
[SourceQuality "1"]
[TimeControl "40/5400+30:900+30"]

1. d4 d5 2. c4 e6 3. Nc3 Be7 4. Nf3 Nf6 5. Bf4 O-O 6. e3 b6 7. cxd5 Nxd5 8. Nxd5 {[%emt 0:00:42] D37: Queen's Gambit Declined: 5 Bf4.} Qxd5 9. a3 Bd6 10. Bxd6 cxd6 11. Bd3 Ba6 12. e4 Qb7 13. O-O Nd7 14. Re1 Bxd3 15. Qxd3 {[%emt 0:00:05] [#]} h6 $146 ({Predecessor:} 15... Rfc8 16. e5 d5 17. Rac1 Rxc1 18. Rxc1 Rc8 19. Rc3 Rxc3 20. Qxc3 Nb8 21. h4 Qc6 {½-½ (30) Bryzgalin,K (2424)-Granovskiy,A (2282) Pardubice 2017}) 16. Nd2 b5 17. Nf1 a5 18. Ne3 a4 19. Rac1 Rfc8 20. h3 Rab8 21. Nc2 Rc4 {[%emt 0:01:03] And now ...Rbc8 would win.} 22. Nb4 Rbc8 23. Rxc4 Rxc4 24. d5 e5 25. Nc6 {[%emt 0:01:41] Hoping for Na5.} Qc7 {[%emt 0:03:54] Inhibits Na5.} 26. Re2 Nc5 27. Qf3 Nb3 28. Qe3 ({Better is} 28. Kh2 $11) 28... Nd4 $15 29. Nxd4 Rxd4 {[%emt 0:00:06][%mdl 4096] Endgame KQR-KQR} 30. f4 (30. Kh2 $15) 30... Rd1+ $17 31. Kh2 exf4 32. Qxf4 Qe7 $1 33. Re3 Rd4 34. Kg1 b4 35. axb4 Rxb4 36. Re2 h5 37. Kh2 (37. Qg3 $142) 37... g6 38. Kg1 Kg7 39. Kh2 (39. Qg3 $17 Rxe4 40. Rxe4 Qxe4 41. Qxd6) 39... h4 $19 40. Kg1 Qf6 41. Qc1 Qe5 42. Qc2 (42. Kh1 $142) 42... Qd4+ 43. Kh1 $2 (43. Kh2) 43... Rc4 $2 (43... a3 44. b3 Qa1+ 45. Kh2 Rd4) 44. Qb1 Qc5 {[%emt 0:00:34] ( -> ...Rc1+)} 45. Qf1 {[%emt 0:00:27] [#]} Rc1 $1 46. Re1 Rc2 47. Qf4 {[%emt 0:00:34] [#]} Qf2 (47... Rf2 $1 $19 {[%cal Rf2f4] has better winning chances.} 48. Qxh4 Qd4) 48. Qxf2 $17 Rxf2 {[%emt 0:00:04] KR-KR} 49. Ra1 Rxb2 50. Rxa4 Kf6 51. Kg1 Ke5 (51... Rb7 $17 52. Ra8 Re7) 52. Ra7 $1 $15 f5 53. Re7+ {[%emt 0:00:13] The position is equal.} Kd4 54. exf5 gxf5 55. Rh7 Kxd5 56. Rxh4 Ke5 57. Rh8 d5 58. Re8+ Kf4 59. g4 d4 {[%emt 0:01:44] White must now prevent ...Kg3.} 60. Kf1 fxg4 61. hxg4 Kxg4 62. Ke1 Kf3 63. Kd1 Kf4 64. Re7 Kf3 65. Re8 Rb3 66. Kd2 Kf4 67. Rf8+ Ke4 68. Re8+ Kf4 69. Rf8+ {[%emt 0:00:03] White happily takes the draw.  Weighted Error Value: White=0.21 (precise) /Black=0.16 (very precise)} 1/2-1/2

[Event "2nd Serbia Open Masters 2022"]
[Site "Novi Sad"]
[Date "2022.07.01"]
[Round "4.39"]
[White "Badelka, Olga"]
[Black "Jain Kashish Manoj"]
[Result "1/2-1/2"]
[ECO "D47"]
[WhiteElo "2453"]
[BlackElo "2271"]
[Annotator "TA"]
[PlyCount "120"]
[EventDate "2022.06.28"]
[EventType "swiss"]
[EventCountry "SRB"]
[SourceTitle "playchess.com"]
[Source "ChessBase"]
[SourceQuality "1"]
[TimeControl "40/5400+30:900+30"]

1. d4 d5 2. c4 c6 3. Nc3 Nf6 4. e3 e6 5. Nf3 Nbd7 6. Bd3 dxc4 7. Bxc4 Bd6 {[%emt 0:00:33] D47: Semi-Slav: Meran System.} (7... b5 $5 8. Be2 Bd6 $11) 8. e4 b5 $1 {[%emt 0:13:23] was the old line (8...e5).} 9. Bd3 e5 10. a4 b4 11. Ne2 O-O {[%emt 0:01:22] [#]} 12. dxe5 $146 (12. O-O $11 {remains equal.}) ({Predecessor:} 12. O-O Re8 13. Qc2 Bb7 14. Bg5 h6 15. Bh4 Rc8 16. Rad1 Qb6 17. dxe5 Nxe5 18. Nxe5 Bxe5 {0-1 (35) Macsik,T (2297)-Nagy Hegyesi,B (2351) Hungary 2007}) 12... Nxe5 $17 13. Nxe5 Bxe5 14. f4 Bc7 {[%emt 0:03:50] And now ...Qd7 would win.} 15. e5 Nd5 ({Black should try} 15... Qd5 $15 16. exf6 Rd8 17. Bxh7+ Kxh7 18. Qxd5 Rxd5) 16. O-O f6 17. Qc2 Kh8 ({Resist} 17... Bb6+ 18. Kh1 $14) 18. Bd2 Bg4 19. Ng3 $1 fxe5 20. fxe5 Bxe5 21. Rxf8+ Qxf8 22. Qxc6 Qd8 23. Be4 Nb6 24. Rf1 Rc8 ({But not} 24... Bxg3 25. hxg3 Rc8 26. Qb7 $1 $14) 25. Bg5 $1 Qg8 (25... Rxc6 $2 26. Bxd8 Rf6 27. Bxf6 gxf6 28. b3 $18) 26. Qb5 $40 {[%emt 0:02:36][%csl LRb4,LRe5][%mdl 128] White is up to no good.} Bxb2 27. Qxb4 Bc3 28. Qd6 Qe6 29. Qd3 {[%emt 0:03:48] Strongly threatening h3.} Qc4 30. Bxh7 Qxd3 31. Bxd3 Nxa4 32. Rf4 Nb2 {[%emt 0:01:06] [#]} (32... Nc5 $14) 33. Bg6 $1 $16 Be6 {[%emt 0:00:30] [#]} 34. Rh4+ (34. Re4 $1 $16 Bd7 35. Bf7) 34... Kg8 $11 35. Nf5 Bxf5 36. Bxf5 {[%emt 0:00:04] Intending Be6+ and mate.} Re8 {[%emt 0:00:11] Prevents Be6+.} 37. Bh7+ {[%emt 0:01:06] This bishop pair is nice.} Kf7 38. Rf4+ Bf6 39. Bxf6 gxf6 $14 {[%emt 0:00:01][%mdl 4096] Endgame KRB-KRN} 40. Rb4 Nd1 41. h4 Re7 42. Be4 Kg7 43. Bf3 Ne3 44. Kf2 Nf5 $1 45. Rg4+ Kh8 46. h5 {[%emt 0:01:48] Rf4 is the strong threat.} Nh6 47. Ra4 Kg7 48. Kg3 Nf7 49. Kf4 Ng5 50. Bd5 (50. g4 $14) 50... Kh6 (50... Re5 $11) 51. g4 (51. Ra6 $1 $14 Kg7 52. g4) 51... Nh3+ (51... Re5 $11 52. Bg8 a5) 52. Kg3 Re3+ 53. Kg2 (53. Kh4 $16) 53... Kg5 $11 {[%emt 0:00:30] Threatens to win with ...Nf4+.} 54. Bf3 Nf4+ 55. Kf2 Re7 56. Ra5+ Kh6 (56... Re5 $11 {deserves consideration.} 57. Rxa7 f5) 57. Kg3 (57. Ra3 $5 ) 57... Nd3 {[%emt 0:00:14] The position is equal.} 58. Ra6 Kg5 59. Ra5+ Ne5 60. Be4 Rc7 {[%emt 0:00:34] Weighted Error Value: White=0.15 (very precise) /Black=0.12 (very precise)} 1/2-1/2

[Event "2nd Serbia Open Masters 2022"]
[Site "Novi Sad"]
[Date "2022.07.01"]
[Round "4.40"]
[White "Vaishali R"]
[Black "Leskur, Dejan"]
[Result "1-0"]
[ECO "B06"]
[WhiteElo "2409"]
[BlackElo "2265"]
[Annotator "TA"]
[PlyCount "117"]
[EventDate "2022.06.28"]
[EventType "swiss"]
[EventCountry "SRB"]
[SourceTitle "playchess.com"]
[Source "ChessBase"]
[SourceQuality "1"]
[TimeControl "40/5400+30:900+30"]

1. e4 g6 2. d4 d6 3. Nc3 Bg7 4. Be3 a6 5. g4 b5 6. Bg2 {[%emt 0:00:48][%cal Oe4e5] B06: Modern Defence.} Bb7 7. h4 h6 8. g5 {[%emt 0:10:21] White is slightly better.} h5 {[%emt 0:08:30] [#]} 9. a3 $146 ({Better is} 9. Nge2 $16) ({Predecessor:} 9. d5 c5 10. a3 Nd7 11. Nh3 Ne5 12. O-O Qd7 13. f3 e6 14. Nf4 Nc4 15. Bf2 Bxc3 16. bxc3 {1-0 (44) Ivic,V (2581)-Matinian,N (2470) Chess.com INT 2021}) 9... e6 $11 10. Nge2 Ne7 11. d5 e5 12. Qd3 (12. f4 $16) 12... Nd7 $14 13. O-O-O Nc8 14. Ng3 {[%emt 0:19:36] White is more active.} Ncb6 15. Kb1 Qe7 16. Bh3 Nc5 17. Qe2 Rd8 18. Bg2 Bc8 (18... Nc4 $14 {deserves consideration.}) 19. Bf3 $16 Bd7 {[%emt 0:01:08] [#]} 20. Bxh5 $1 gxh5 21. Nxh5 Rh7 (21... Qf8 $16) 22. Rdg1 {[%emt 0:03:54] Threatens to win with g6.} Bc8 $2 (22... Bh8 {keeps fighting.} 23. Ng3 c6) 23. g6 $18 fxg6 24. Rxg6 Qf7 (24... Qf8 $142 25. Rhg1 Rd7) 25. Rhg1 Bf8 26. Nf6+ Ke7 27. Ng8+ Ke8 28. Nf6+ (28. Bh6 $142) 28... Ke7 29. Nxh7 Qxh7 30. Bg5+ Ke8 31. Bxd8 Kxd8 32. Rg8 Ke7 33. f4 Ncd7 34. fxe5 Nxe5 35. h5 {[%emt 0:00:25] aiming for Qg2.} Nbd7 36. Qf2 Qxh5 37. Ne2 (37. Rf1 Ng4 38. Qf4 Ngf6 $18) 37... Qf7 38. Qh4+ Nf6 39. Nd4 {[%emt 0:00:26] Against Nf3. And now Nc6+ would win.} Ke8 40. R8g2 (40. Rh8 Ng6 41. Rxf8+ Nxf8 $18) 40... Bd7 41. Rf2 Be7 42. Nf5 Bxf5 43. Rxf5 {[%emt 0:00:03] Qf2 is the strong threat. Chess con chili.} (43. exf5 Kd7 $14) 43... Qh7 44. Qf4 (44. Qxh7 Nxh7 45. Rg8+ Nf8) 44... Ned7 45. Qf3 Ne5 46. Qf4 (46. Qg2 $18) 46... Nfd7 $2 {[%emt 0:00:32] Pair of Knights!} (46... Ned7 $1 $11) 47. Qg3 Nc5 (47... c5 $142 48. Qg2 Bf8) 48. Rxe5 dxe5 49. Qxe5 Qxe4 {[%emt 0:00:14] [#]} 50. Qxc7 ({White has to play} 50. Qh5+ $1 $18 Kd7 51. Qh3+ Kd6 52. Qh6+ Ke5 53. Rh1) 50... Qxd5 $16 51. Re1 Ne4 52. Qc8+ {[%emt 0:00:27][%mdl 1024] White has strong compensation.} Kf7 $1 53. Rg1 (53. Qxa6 Bh4 54. Rf1+ Bf6 $16) 53... Nf6 {[%emt 0:03:13] Inhibits Qg8+.} (53... Bg5 $14) 54. Qxa6 (54. Qh8 Bf8 $16) 54... b4 {[%emt 0:00:53] [#]} (54... Bd6 $16 55. Qa7+ Ke6 56. Re1+ (56. Rf1 Be5 $16) 56... Be5) 55. a4 $1 $18 ({Resist} 55. axb4 Bxb4 56. Qe2 Bc5) 55... b3 56. c3 (56. cxb3 $18 {Hoping for Ka2.} Qxb3 57. Rf1) 56... Qe4+ (56... Bc5 $16 57. Rf1 Bd6) 57. Ka1 Qc2 $2 {[%emt 0:00:46] Against Rd1} (57... Qd5 $16 {was called for.} 58. Re1 Bc5) 58. Re1 {[%emt 0:01:03] White wants to mate with Qe6+.} Ba3 $2 (58... Kg6 $18 59. Rg1+ (59. Qe6 Bc5 $18) 59... Kf7 60. Qc4+ Kf8 61. Qc8+ Kf7 62. Qc4+ Kf8 63. Qc8+ Kf7) 59. Qe6+ {[%emt 0:00:07] Weighted Error Value: White=0.42/Black=0.40} ({Weaker is} 59. Qc4+ Kg6 60. Rg1+ Kf5 61. Qf1+ (61. Qc8+ Kf4 $16) 61... Ke6 62. Qc4+ Kf5 63. Qf1+ (63. Qc8+ Kf4 $16) 63... Ke6 64. Qc4+ Kf5 $16) 1-0

[Event "2nd Serbia Open Masters 2022"]
[Site "Novi Sad"]
[Date "2022.07.01"]
[Round "4.41"]
[White "Neelash Saha"]
[Black "Pham, Khoi"]
[Result "1-0"]
[ECO "B31"]
[WhiteElo "2439"]
[BlackElo "2291"]
[Annotator "TA"]
[PlyCount "57"]
[EventDate "2022.06.28"]
[EventType "swiss"]
[EventCountry "SRB"]
[SourceTitle "playchess.com"]
[Source "ChessBase"]
[SourceQuality "1"]
[TimeControl "40/5400+30:900+30"]

1. e4 c5 2. Nf3 Nc6 3. Bb5 g6 4. O-O Bg7 5. c3 e5 6. d4 cxd4 7. cxd4 exd4 8. Bf4 a6 9. Ba4 {[%emt 0:00:05][%mdl 1024] White has compensation. B31: Sicilian: 2...Nc6 3 Bb5 g6.} Nge7 {[%emt 0:00:07] 9...Nge7 is better than 9...b5.} 10. Bd6 b5 11. Bb3 {[%emt 0:00:05] The position is equal.} Bb7 12. Ng5 O-O 13. Qf3 Qe8 (13... h6 $2 14. Nxf7 Rxf7 15. Qxf7+ Kh7 16. a4 $18) 14. Qg3 Na5 15. Nd2 $40 {[%emt 0:01:20][%cal Og5h7][%mdl 128] Black needs to defend precisely.} h6 16. Ngf3 Nxb3 {[%emt 0:01:33] [#]} (16... Rc8 $1 $11) 17. Nxb3 $146 ({Predecessor:} 17. axb3 Rc8 18. Rac1 Rc6 19. b4 Qd8 20. Rxc6 Nxc6 21. Bxf8 Qxf8 22. Qc7 Qc8 23. Qf4 Nxb4 {½-½ (39) Malek,D (2376)-Salna,A (2227) Krakow 2022}) 17... Bxe4 {[%emt 0:07:26] [#] Hoping for ...Nf5.} 18. Nfxd4 {[%emt 0:00:09] Threatens to win with Rfe1.} f5 19. Rfe1 {[%emt 0:01:58] f3 is the strong threat.} ({Don't play} 19. Bxe7 Qxe7 20. Qxg6 f4 $15) 19... Rf7 20. Rad1 Kh7 21. Nf3 (21. f3 $14 {should be considered.} Bd5 22. Nc5) 21... Bf6 (21... Nc8 $11) 22. Ne5 {[%emt 0:07:45] White is more active.} Rg7 {[%emt 0:00:39] This move loses the game for Black.} (22... Bc2 $16) 23. Nc5 $1 $18 {[%emt 0:01:21][%csl LRd7,LRe4] Pair of Knights!} Nc8 $2 (23... Ng8 {might work better.} 24. f3 (24. Nxe4 fxe4 25. Rxe4 Qe6 $16) 24... Bc2) 24. Nexd7 ({Not} 24. Nxe4 fxe4 25. Ng4 (25. Rxe4 Nxd6 26. Rxd6 Bxe5 $16) 25... Rf7 $18) 24... Be7 (24... Rxd7 25. Nxd7 Qxd7) 25. Bxe7 {[%emt 0:01:07] White is clearly winning.} Qxe7 26. f3 Nb6 27. fxe4 Nxd7 28. Nxd7 {[%emt 0:00:05] And now exf5 would win.} Rd8 {[%emt 0:00:20] [#]} 29. exf5 $1 {[%emt 0:07:15] Weighted Error Value: White=0.13 (very precise) /Black=0.39} 1-0

[Event "2nd Serbia Open Masters 2022"]
[Site "Novi Sad"]
[Date "2022.07.01"]
[Round "4.42"]
[White "Milikow, Elie"]
[Black "Nareks, Matic"]
[Result "1/2-1/2"]
[ECO "B01"]
[WhiteElo "2428"]
[BlackElo "2221"]
[Annotator "TA"]
[PlyCount "68"]
[EventDate "2022.06.28"]
[EventType "swiss"]
[EventCountry "SRB"]
[SourceTitle "playchess.com"]
[Source "ChessBase"]
[SourceQuality "1"]
[TimeControl "40/5400+30:900+30"]

1. e4 d5 2. exd5 Qxd5 3. Nc3 Qa5 4. d4 Nf6 5. h3 Bf5 6. Nf3 c6 7. Bc4 e6 8. O-O Bb4 9. Bd2 O-O 10. a3 Bxc3 11. Bxc3 Qc7 12. Bd3 {[%emt 0:10:41] B01: Scandinavian Defence.} Bxd3 13. Qxd3 {[%emt 0:00:10] [#]} Rd8 $146 ({Predecessor:} 13... Nbd7 14. Rad1 Rad8 15. Rfe1 Nb6 16. b3 Nbd5 17. Bb2 Rd7 18. Bc1 Rfd8 19. Ne5 Rd6 {1-0 (30) Albesa,A (1389)-Nistri,P (952) LSS email 2008}) 14. Qe2 Nbd7 15. b3 Rac8 16. Bb2 b5 17. Rac1 a6 18. Rfd1 h6 19. Ne5 Nxe5 20. dxe5 Nd5 21. c4 bxc4 22. bxc4 Ne7 23. Rd3 Rxd3 24. Qxd3 Rd8 25. Qe2 c5 26. Rd1 Nc6 (26... Rb8 $17) 27. Rxd8+ $11 Qxd8 {[%emt 0:00:08][%mdl 4096] Endgame KQB-KQN} 28. Qe4 {[%emt 0:17:28] [#]} (28. Bc3 $11 {keeps the balance.}) 28... Qd1+ (28... Ne7 $1 $17 {...Qd1+ is the strong threat.} 29. Qc2 Ng6) 29. Kh2 $15 Nd4 {[%emt 0:00:06] Strongly threatening ...Ne2.} (29... Ne7 $5 30. Qe3 Qc2 31. Qxc5 Nf5 $15) 30. Bxd4 {[%emt 0:00:00] The position is equal.} cxd4 ({Don't do} 30... Qxd4 31. Qxd4 cxd4 32. Kg3 $16) 31. Qa8+ Kh7 32. Qe4+ Kg8 33. Qa8+ Kh7 {[%emt 0:00:06] [#] Threatens to win with ...Qe2.} 34. Qe4+ Kg8 {[%emt 0:00:17] Weighted Error Value: White=0.13 (very precise) /Black=0.11 (very precise)} 1/2-1/2

[Event "2nd Serbia Open Masters 2022"]
[Site "Novi Sad"]
[Date "2022.07.01"]
[Round "4.43"]
[White "Souhardo Basak"]
[Black "Vignesh N R"]
[Result "1/2-1/2"]
[ECO "B92"]
[WhiteElo "2357"]
[BlackElo "2427"]
[Annotator "TA"]
[PlyCount "60"]
[EventDate "2022.06.28"]
[EventType "swiss"]
[EventCountry "SRB"]
[SourceTitle "playchess.com"]
[Source "ChessBase"]
[SourceQuality "1"]
[TimeControl "40/5400+30:900+30"]

1. e4 c5 2. Nf3 d6 3. d4 cxd4 4. Nxd4 Nf6 5. Nc3 a6 6. Be2 e5 7. Nb3 Be7 8. Be3 Be6 9. Nd5 Nbd7 10. Qd3 Bxd5 11. exd5 Rc8 {[%emt 0:00:15] [#] Nowadays more popular than 11...0-0.} 12. a4 $146 {[%emt 0:06:19] B92: Sicilian Najdorf: 6 Be2.} ({Predecessor:} 12. g4 Nb6 13. Bxb6 Qxb6 14. g5 Nd7 15. h4 O-O 16. O-O-O Nc5 17. Nxc5 Rxc5 18. Qe4 Ra5 19. Kb1 g6 {1-0 (36) Najer,E (2661)-Sasikiran,K (2650) Chess.com INT 2022}) 12... Nb6 13. Bxb6 Qxb6 14. O-O {[%emt 0:01:20] The position is equal.} O-O 15. c4 (15. a5 $5 Qc7 16. c3 $11) 15... g6 16. a5 Qb4 17. Ra3 Nd7 18. Rfa1 {[%emt 0:16:14] [#] Strongly threatening Ra4.} Nc5 {[%emt 0:03:41] Prevents Ra4.} 19. Nxc5 Qxc5 20. Rb3 Rb8 21. Qe3 Qc7 22. Kh1 Rfc8 23. Rba3 b6 24. axb6 Rxb6 25. b3 Qb7 26. Bd1 Bd8 27. Qd2 Kg7 28. g3 Rc5 29. Kg2 Bc7 (29... a5 $11) 30. h4 $14 Bd8 {[%emt 0:09:30] Weighted Error Value: White=0.07 (flawless) /Black=0.12 (very precise)} 1/2-1/2

[Event "2nd Serbia Open Masters 2022"]
[Site "Novi Sad"]
[Date "2022.07.01"]
[Round "4.44"]
[White "Nogerbek, Kazybek"]
[Black "Andreev, Konstantin"]
[Result "1-0"]
[ECO "A28"]
[WhiteElo "2424"]
[BlackElo "2238"]
[Annotator "ChessBase"]
[PlyCount "137"]
[EventDate "2022.06.28"]
[EventType "swiss"]
[EventCountry "SRB"]
[SourceTitle "playchess.com"]
[Source "ChessBase"]
[SourceQuality "1"]
[TimeControl "40/5400+30:900+30"]

1. c4 Nf6 2. Nc3 e5 3. Nf3 Nc6 4. d3 h6 5. g3 d5 6. cxd5 Nxd5 7. Bg2 Nb6 8. O-O Be7 9. b3 O-O 10. Bb2 Re8 11. Rc1 Bf8 12. Ne4 Nd4 13. Nxd4 exd4 14. Nc5 c6 15. b4 Rb8 16. Re1 g6 17. a4 Bg7 18. Qb3 Nd7 19. Ne4 Nf6 20. Nxf6+ Bxf6 21. b5 Be6 22. Qb4 Qb6 23. Qc5 Qxc5 24. Rxc5 Be7 25. Rcc1 Bb4 26. Bxd4 Bxe1 27. Rxe1 Bd5 28. Bxa7 Ra8 29. Be3 Bxg2 30. Kxg2 Rxa4 31. bxc6 bxc6 32. Bxh6 Ra2 33. Be3 Rea8 34. Bd4 Rd8 35. Bc5 Rc2 36. d4 Rb8 37. g4 Rbb2 38. Kf3 f6 39. h4 Kg7 40. Bd6 Rd2 41. Ke3 Rdc2 42. Bg3 Rd2 43. Bf4 Rdc2 44. Kf3 Ra2 45. Be3 Rab2 46. h5 g5 47. Ra1 Ra2 48. Re1 Rab2 49. Rd1 Rxe2 50. d5 cxd5 51. Rxd5 Rec2 52. Rd7+ Kh6 53. Rd6 Kg7 54. Bd4 Rd2 55. Bxf6+ Kh6 56. Bd4+ Kh7 57. Ke4 Rxd4+ 58. Rxd4 Rxf2 59. Ke5 Ra2 60. Rd7+ Kh6 61. Rd6+ Kh7 62. Rg6 Ra5+ 63. Kf6 Ra6+ 64. Kxg5 Ra5+ 65. Kh4 Ra4 66. Rf6 Kg7 67. Re6 Ra1 68. h6+ Kh7 69. Kh5 1-0